 Dungeon Crawl Stone Soup version 0.26.1-11-gd32895ea62 (webtiles) character file.

Game seed: 6522731206257307476

61 Zeld the Chopper (level 4, -2/42 HPs)
             Began as a Gargoyle Berserker on May 27, 2021.
             Was a Believer of Trog.
             Slain by an ice beast (12 damage)
             ... on level 3 of the Dungeon.
             The game lasted 00:01:45 (2268 turns).

Zeld the Chopper (Gargoyle Berserker)               Turns: 2268, Time: 00:01:45

Health: -2/42      AC:  3    Str: 22    XL:     4   Next: 7%
Magic:  4/4        EV: 12    Int:  7    God:    Trog [**....]
Gold:   114        SH:  5    Dex:  9    Spells: 3/3 levels left

rFire    . . .     SeeInvis .   a - +0 hand axe
rCold    . . .     Faith    .   (no shield)
rNeg     + . .     Spirit   .   (no armour)
rPois    ∞         Reflect  +   (no helmet)
rElec    +         Harm     .   (no cloak)
rCorr    .         Rampage  .   (no gloves)
Will     .....                  (no boots)
Stlth    ..........             d - amulet of reflection
HPRegen  0.14/turn              l - ring of attention (curse)
MPRegen  0.09/turn              (no ring)

@: berserking, very quick
A: negative energy resistance 1, electricity resistance, unbreathing,
petrification resistance, miasma immunity, AC +3
a: Renounce Religion, Berserk, Trog's Hand


You were on level 3 of the Dungeon.
You worshipped Trog.
Trog was pleased with you.
You visited 1 branch of the dungeon, and saw 3 of its levels.

You collected 114 gold pieces.

Inventory:

Hand Weapons
 a - a +0 hand axe (weapon)
Jewellery
 d - an amulet of reflection (around neck)
 l - a cursed ring of attention (left hand)
Scrolls
 b - 2 scrolls of enchant weapon {unknown}
 e - 2 scrolls of random uselessness {unknown}
 f - 5 scrolls of identify {unknown}
 g - a scroll of teleportation {unknown}
 h - 3 scrolls of amnesia {unknown}
 i - 2 scrolls of remove curse {unknown}
 k - a scroll of enchant armour {unknown}
 m - a scroll of fear {unknown}
 n - a scroll of noise {unknown}
 p - a scroll of magic mapping {unknown}
 q - a scroll of blinking {unknown}
 r - 2 scrolls of immolation {unknown}
Potions
 c - a potion of attraction {unknown}
 j - a potion of invisibility {unknown}
 o - a potion of might {unknown}


   Skills:
 - Level 3.2 Fighting
 * Level 4.4 Axes
 - Level 2.1 Armour
 - Level 1.5 Dodging


You had 3 spell levels left.
You didn't know any spells.
Your spell library was empty.

Dungeon Overview and Level Annotations

Branches:
Dungeon (3/15)

Altars:


Innate Abilities, Weirdness & Mutations

You are resistant to torment.
Your stone body is resilient. (AC +3)
You are immune to poison.
You resist negative energy. (rN+)
You are resistant to electric shocks. (rElec)
You can survive without breathing.
You are immune to petrification.
You are immune to miasma.


Message History

You completely miss the ice beast.
The ice beast is moderately wounded.
The ice beast barely misses you.
You closely miss the ice beast.
The ice beast is moderately wounded.
The ice beast hits you. The ice beast freezes you!
You barely miss the ice beast.
The ice beast is moderately wounded.
The ice beast hits you. The ice beast freezes you!
You slash the ice beast!
The ice beast is heavily wounded.
You hit the ice beast.
The ice beast is severely wounded.
You block the ice beast's attack.
You closely miss the ice beast.
The ice beast is severely wounded.
The ice beast hits you.
* * * LOW HITPOINT WARNING * * *
The ice beast freezes you!
You die...

## .##
#########..##
#†.....@Y...#
#.#########.....
#.# >## #.# #.#
#<# ###


You could see an ice beast.

Vanquished Creatures
  2 adders (D:2)
  A dart slug (D:1)
  2 leopard geckos (D:2)
  8 bats
  3 giant cockroaches
  3 goblins (D:1)
  5 hobgoblins
  A quokka (D:2)
  4 frilled lizards
  7 kobolds
  A rat (D:1)
37 creatures vanquished.

Notes
Turn   | Place    | Note
-------+----------+-------------------------------------------
     0 | D:1      | Zeld the Gargoyle Berserker began the quest for the Orb.
     0 | D:1      | Reached XP level 1. HP: 14/14 MP: 1/1
   108 | D:1      | Reached skill level 3 in Axes
   241 | D:1      | Reached XP level 2. HP: 11/19 MP: 2/2
  1095 | D:2      | Reached XP level 3. HP: 11/23 MP: 3/3
  1401 | D:2      | Reached skill level 4 in Axes
  1928 | D:2      | Reached XP level 4. HP: 28/28 MP: 4/4
  2231 | D:3      | Reached ** piety under Trog
  2254 | D:3      | Noticed an ice beast
  2268 | D:3      | Slain by an ice beast

Illustrated notes

Levels and vault maps discovered:
D:1:      matt_arrival_refuge, layout_rooms
D:2:      layout_basic, grunt_decor_arrowhead
D:3:      kennysheep_big_flooded_room, layout_basic, serial_aquarium,
          aquarium_bridge_island_small [aquarium_subvault_small_open,
          aquarium_subvault_window, aquarium_subvault_balcony,
          aquarium_subvault_bridge, aquarium_subvault_bridge],
          aquarium_window_2, aquarium_window_corridor_1, aquarium_window_1,
          aquarium_window_fake, aquarium_view_2d, aquarium_view_2b,
          chequers_ecumenical_altar_island, nemelex_spade_bored_becter

Skill      XL: |  1  2  3 |
---------------+----------+-----
Axes           | 3 4 |  4.4
Fighting       | |  3.2
Armour         | |  2.1
Dodging        | |  1.5

Action                   |  1- 3 |  4- 6 || total
-------------------------+-------+-------++-------
Melee: Hand axe          |    98 |    22 ||   120
Invok: Berserk           |       |     1 ||     1
Armor: Skin              |    28 |     6 ||    34
Dodge: Dodged            |    65 |    13 ||    78
Block: Other             |    13 |     7 ||    20
       Reflection        |     1 |     1 ||     2
